 Dungeon Crawl Stone Soup version 0.21.2-1-g0862bd2 (webtiles) character file.

161 smallpebble the Chopper (level 5, -4/47 HPs)
             Began as a Hill Orc Fighter on Apr 12, 2019.
             Killed by nerve-wracking pain
             ... invoked by dscm's ghost
              (7 damage)
             ... on level 3 of the Dungeon.
             The game lasted 00:05:32 (1962 turns).

smallpebble the Chopper (Hill Orc Fighter)          Turns: 1962, Time: 00:05:33

Health: -4/47      AC:  8    Str: 19    XL:     5   Next: 42%
Magic:  5/5        EV:  7    Int:  8    God:
Gold:   156        SH:  9    Dex: 11    Spells: 4/4 levels left

rFire    + . .     SeeInvis .   a - +0 war axe
rCold    x . .     Gourm    .   c - +0 shield
rNeg     . . .     Faith    .   b - +0 scale mail
rPois    .         Spirit   .   q - +0 helmet
rElec    .         Reflect  .   (no cloak)
rCorr    .         Harm     .   (no gloves)
MR       .....                  (no boots)
Stlth    ..........             (no amulet)
HPRegen  0.15/turn              h - ring of fire
MPRegen  0.09/turn              (no ring)

@: no status effects
A: no striking features
a: no special abilities


You were on level 3 of the Dungeon.
You were not hungry.

You visited 1 branch of the dungeon, and saw 3 of its levels.

You collected 156 gold pieces.

Inventory:

Hand Weapons
 a - a +0 war axe (weapon)
Armour
 b - a +0 scale mail (worn)
 c - a +0 shield (worn)
 j - a +0 scale mail
 q - a +0 helmet (worn)
 t - a cursed +0 scale mail
Jewellery
 h - a ring of fire (left hand)
Wands
 w - a wand of polymorph (7)
Scrolls
 e - 3 scrolls of identify
 g - 2 scrolls of random uselessness
 l - 2 scrolls of enchant weapon {unknown}
 n - a scroll of remove curse {unknown}
 o - a scroll of teleportation {unknown}
 s - a scroll of enchant armour {unknown}
 v - a scroll of amnesia {unknown}
Potions
 d - 3 potions of might
 i - a potion of heal wounds {unknown}
 k - a potion of brilliance {unknown}
 m - a potion of flight {unknown}
 p - a potion of mutation {unknown}
 r - a potion of cancellation {unknown}
 u - a potion of curing {unknown}
Comestibles
 f - 6 rations


   Skills:
 + Level 4.6 Fighting
 + Level 4.7 Axes
 + Level 4.2 Armour
 + Level 0.5 Dodging
 + Level 3.9 Shields


You had 4 spell levels left.
You didn't know any spells.

Dungeon Overview and Level Annotations

Branches:
Dungeon (3/15)

Altars:
Gozag

Annotations:
D:3 dscm's ghost, weakling FeNe


Message History

Dscm's ghost is almost destroyed.
You block dscm's ghost's attack.
You miss dscm's ghost.
Dscm's ghost is almost destroyed.
Dscm's ghost stares at you and mumbles some strange words.
Pain shoots through your body!
* * * LOW HITPOINT WARNING * * *
You block dscm's ghost's attack.
You miss dscm's ghost.
Dscm's ghost is almost destroyed.
Dscm's ghost stares at you and mumbles some strange words.
You barely resist. You miss dscm's ghost.
Dscm's ghost is almost destroyed.
You block dscm's ghost's attack.
You hit dscm's ghost but do no damage.
Dscm's ghost is almost destroyed.
Dscm's ghost stares at you and mumbles some strange words.
Pain shoots through your body!
You die...

#####)#......# #
#)#......#. .8.
#####[#........###
.8.
...##.######.#...##..
......# ..#...##
...#### #.#....##
..^# #.#.....## ...#
#...W.#..## ####
##..@.....#
#....##...# #....#
... #....# # #....#
#....# # ###..# #
#..# # #..#####


You could see dscm's ghost.

Vanquished Creatures
  2 orc wizards (D:3)
  4 adders
  An ooze (D:2)
  A worm (D:2)
  A dart slug (D:2)
  A leopard gecko (D:2)
  6 orcs (D:3)
  A ball python (D:2)
  9 bats
  6 giant cockroaches
  7 goblins
  5 hobgoblins
  4 jackals (D:1)
  3 frilled lizards
  10 kobolds
  7 rats
68 creatures vanquished.

Notes
Turn   | Place    | Note
-------+----------+-------------------------------------------
     0 | D:1      | smallpebble the Hill Orc Fighter began the quest for the Orb.
     0 | D:1      | Reached XP level 1. HP: 19/19 MP: 1/1
     6 | D:1      | Noticed a hog
     6 | D:1      | Noticed a seven-headed hydra
     6 | D:1      | Noticed an iguana
     7 | D:1      | Noticed a lindwurm
     7 | D:1      | Noticed a worker ant
   111 | D:1      | Reached XP level 2. HP: 23/27 MP: 2/2
   405 | D:1      | Reached XP level 3. HP: 31/33 MP: 3/3
   940 | D:2      | Reached XP level 4. HP: 34/41 MP: 4/4
  1640 | D:3      | Reached XP level 5. HP: 18/47 MP: 5/5
  1906 | D:3      | Found an opulent altar of Gozag.
  1944 | D:3      | Noticed dscm's ghost (weakling FeNe)
  1959 | D:3      | HP: 2/47 [dscm's ghost/nerve-wracking pain (11)]
  1962 | D:3      | Killed from afar by dscm's ghost

Skill      XL: |  1  2  3  4 |
---------------+-------------+-----
Fighting       | 4 |  4.6
Axes           | 3 4 |  4.7
Armour         | 4 |  4.2
Dodging        | |  0.5
Shields        | |  3.9

Action                   |  1- 3 |  4- 6 || total
-------------------------+-------+-------++-------
Melee: War axe           |   133 |   111 ||   244
Evoke: Wand              |       |     1 ||     1
  Use: Scroll            |     1 |     2 ||     3
  Eat: Chunk             |       |     2 ||     2
       Ration            |       |     1 ||     1
Armor: Scale mail        |    73 |    51 ||   124
Dodge: Dodged            |    28 |    31 ||    59
Block: Shield            |    83 |    66 ||   149
